 Dungeon Crawl Stone Soup version 0.16-a0-3606-g1520cdc (webtiles) character file.

36 Ololoev the Changer (level 3, 0/26 HPs)
             Began as a Merfolk Transmuter on Jan 13, 2015.
             Succumbed to an adder's poison
             ... on level 2 of the Dungeon.
             The game lasted 00:05:24 (1148 turns).

Ololoev the Changer (Merfolk Transmuter)            Turns: 1148, Time: 00:05:24

Health: 0/26       AC:  3    Str: 11    XL:     3   Next: 37%
Magic:  1/6        EV: 11    Int: 12    God:
Gold:   53         SH:  0    Dex: 14    Spells: 1 memorised, 5 levels left

rFire  . . .     SeeInvis .       - Unarmed
rCold  . . .     Clarity  .     c - +0 robe
rNeg   . . .     SustAb   .     (no shield)
rPois  .         Gourm    .     (helmet restricted)
rElec  .         Spirit   +     e - +0 cloak
rCorr  .         Warding  .     (no gloves)
rMut   .         Stasis   .     (no boots)
MR     .....                    m - amulet of guardian spirit
Stlth  ..........               j - ring of loudness (curse)
                                l - -2 ring of evasion (curse)

@: lethally poisoned, appendage (expiring), hasted, very quick, not resistant to
hostile enchantments, extremely unstealthy
A: change form in water, swift swim, horns 2
a: End Transformation


You were on level 2 of the Dungeon.
You were not hungry.
You had grown temporary horns.
You visited 1 branch of the dungeon, and saw 2 of its levels.

You collected 53 gold pieces.

Notes
Turn   | Place    | Note
--------------------------------------------------------------
     0 | D:1      | Ololoev, the Merfolk Transmuter, began the quest for the Orb.
     0 | D:1      | Reached XP level 1. HP: 15/15 MP: 3/3
   160 | D:1      | Reached XP level 2. HP: 14/21 MP: 2/4
   668 | D:1      | Reached XP level 3. HP: 26/26 MP: 4/6
  1147 | D:2      | HP: 1/26 [adder (2)]
  1148 | D:2      | Succumbed to an adder's poison

Inventory:

Missiles
 b - 27 arrows
 n - 20 arrows of frost
Armour
 c - a +0 robe (worn)
 e - a +0 cloak (worn)
Jewellery
 i - a +1 ring of strength
 j - a cursed ring of loudness (right hand)
 l - a cursed -2 ring of evasion (left hand)
 m - an amulet of guardian spirit (around neck)
Potions
 g - a potion of mutation {unknown}
Books
 d - a book of Changes

   Spells                             Type                      Level
   a - Beastly Appendage              Transmutation                1
   b - Sticks to Snakes               Transmutation                2
   c - Spider Form                    Transmutation/Poison         3
   d - Ice Form                       Ice/Transmutation            4
   e - Blade Hands                    Transmutation                5
Comestibles
 a - 3 bread rations
 f - 2 meat rations
 k - a chunk of flesh

Table legend:
 A = Turns spent in this place as a percentage of turns spent in the entire game.
 B = Non-inter-level travel turns spent in this place as a percentage of non-inter-level travel turns spent in the entire game.
 C = Inter-level travel turns spent in this place as a percentage of turns spent in this place.
 D = Turns resting spent in this place as a percentage of non-inter-level travel turns spent in this place.
 E = Turns spent auto-exploring this place as a percentage of non-inter-level travel turns spent in this place.
 F = Non-inter-level travel turns spent in this place divided by the number of levels of this place that you've seen.
                   A       B       C       D       E      F
               +-------+-------+-------+-------+-------+----------------------
         Total | 100.0 | 100.0 |   0.3 |   4.4 |  14.2 | 148.0
       Dungeon | 100.0 | 100.0 |   0.3 |   4.4 |  14.2 | 148.0
               +-------+-------+-------+-------+-------+----------------------


   Skills:
 - Level 1.1 Fighting
 + Level 3.1 Dodging
 + Level 3.5 Unarmed Combat
 + Level 2.3 Spellcasting
 * Level 3.7 Transmutations


You had 5 spell levels left.
You knew the following spells:

 Your Spells              Type           Power        Failure   Level  Hunger
a - Beastly Appendage     Trmt           ##....       8%          1    ##.....


Dungeon Overview and Level Annotations

Branches:
Dungeon (2/15)

Altars:


Innate Abilities, Weirdness & Mutations

You revert to your normal form in water.
You are very nimble and swift while swimming.
You have a pair of horns on your head.


Message History

The adder is heavily wounded.
The adder bites you.
You completely miss the adder.
The adder is heavily wounded.
Your transformation is almost over.
The adder bites you.
You closely miss the adder.
The adder is heavily wounded.
The adder bites you but does no damage.
You barely miss the adder.
The adder is heavily wounded.
The adder bites you.
You are poisoned.
The adder poisons you!
You closely miss the adder.
The adder is heavily wounded.
You feel sick. The adder bites you but does no damage.
The adder closely misses you.
You completely miss the adder.
The adder is heavily wounded.
The adder bites you but does no damage.
You miss the adder.
The adder is heavily wounded.
You feel sick. The adder bites you but does no damage.
You closely miss the adder. Your punch misses the adder.
The adder is heavily wounded.
The adder closely misses you.
You barely miss the adder. Your headbutt misses the adder.
The adder is heavily wounded.
You feel sick. The adder bites you.
You hit the adder.
The adder is severely wounded.
The adder bites you.
You are more poisoned.
The adder poisons you! The adder bites you.
You are more poisoned.
The adder poisons you!
Drink which item? (? for menu, Esc to quit)
It was a potion of haste.
You feel yourself speed up.
You die...

..# ..# ..#
#######<#
..#####.......####..
......#....#........
.
......>..#.#..#.....
..#
......#.........#
...
..#####.####..### ..
..#
#.####†#####.######
..#
#.........@S......#
..#
######.##.......#.#
).### #.##.###.#.#
....# #..... #
.##.### ####.##
.##...###### #.#
.##.#......####..
......##...<..###
.....###.#..#.#


You could see an adder.

Table legend:
 A = Kills in this place as a percentage of kills in entire the game.
 B = Kills by you in this place as a percentage of kills by you in the entire game.
 C = Kills by friends in this place as a percentage of kills by friends in the entire game.
 D = Other kills in this place as a percentage of other kills in the entire game.
 E = Experience gained in this place as a percentage of experience gained in the entire game.
 F = Experience gained in this place divided by the number of levels of this place that you have seen.
                   A       B       C       D       E      F
               +-------+-------+-------+-------+-------+----------------------
         Total | 100.0 | 100.0 |  -nan |  -nan | 100.0 |  26.0
       Dungeon | 100.0 | 100.0 |  -nan |  -nan | 100.0 |  26.0
               +-------+-------+-------+-------+-------+----------------------

Vanquished Creatures
  A ball python (D:1)
  6 bats (D:1)
  A giant cockroach (D:2)
  4 goblins
  6 hobgoblins
  5 kobolds (D:1)
  4 giant newts
  A quokka (D:1)
  5 rats (D:1)
33 creatures vanquished.

Action                   || total
-------------------------++-------
Melee: Unarmed           ||    90
 Cast: Beastly Appendage ||    24
  Use: Scroll            ||     2
       Potion            ||     1
  Eat: Chunk             ||     1

Vault maps used:
D:1:      dpeg_arrival_leaves_temple_mockup, minmay_misc_feat_alley,
          minivault_11
D:2:      kennysheep_jessica_study
